 Dungeon Crawl Stone Soup version 0.31-a0-692-gf03d1854d5 (webtiles) character file.

Game seed: 7797840584994531939

101 qw the Shooter (level 4, -4/28 HPs)
             Began as a Gargoyle Hunter on Sept 6, 2023.
             Slain by Grinder (6 damage)
             ... on level 3 of the Dungeon.
             The game lasted 00:00:38 (1860 turns).

qw the Shooter (Gargoyle Hunter)                    Turns: 1860, Time: 00:00:39

Health: -4/28      AC:  8    Str: 15    XL:     4   Next: 75%
Magic:  4/4        EV: 11    Int:  9    God:
Gold:   124        SH:  0    Dex: 15    Spells: 3/3 levels left

rFire   . . .        k - +1 shortbow (heavy)
rCold   . . .        (shield currently unavailable)
rNeg    + . .        d - +0 ring mail
rPois   inf          (no helmet)
rElec   +            (no cloak)
rCorr   .            (no gloves)
SInv    .            (no boots)
Will    .....        (no amulet)
Stlth   +            (no ring)
HPRegen 0.24/turn    (no ring)
MPRegen 0.09/turn

%: no passive effects
@: no status effects
A: sickness immunity, AC +3, negative energy resistance 1, electricity
resistance, torment resistance 1, petrification resistance
a: no special abilities


You were on level 3 of the Dungeon.
You visited 1 branch of the dungeon, and saw 3 of its levels.

You collected 124 gold pieces.


Innate Abilities, Weirdness & Mutations

You are immune to sickness and miasma.
Your stone body is resilient. (AC +3)
You are immune to poison.
You resist negative energy. (rN+)
You are resistant to electric shocks. (rElec)
You are resistant to unholy torment.
You are immune to petrification.


   Skills:
 - Level 3.0 Fighting
 + Level 5.3 Ranged Weapons
 - Level 1.5 Armour
 - Level 1.5 Dodging
 - Level 1.1 Stealth


You had 3 spell levels left.
You didn't know any spells.
Your spell library was empty.

Inventory:

Hand Weapons
 k - a +1 heavy shortbow (weapon)
Armour
 c - a +0 helmet
 d - a +0 ring mail (worn)
Scrolls
 a - a scroll of identify
 b - a scroll of poison {unknown}
 e - a scroll of fear {unknown}
Potions
 f - a potion of resistance
 h - a potion of mutation {unknown}

Dungeon Overview and Level Annotations

Branches:
Dungeon (3/15)

Altars:
Ru
Uskayaw
Vehumet

Annotations:
D:3 Grinder


Message History

You shoot an arrow. The arrow completely misses Grinder.
Grinder says, "Tell me all your secrets, or I'll kill you."
Grinder gestures at you. Pain shoots through your body!
The quokka closely misses you. Grinder hits you. The quokka barely misses you.
You shoot an arrow. The arrow hits Grinder.
Grinder is lightly wounded.
Grinder closely misses you.
The quokka bites you but does no damage.
The quokka bites you. Grinder hits you.
You writhe in agony.
A gnoll comes into view.
It is wielding the +4 hand axe of the Vaults {flame, Drain Str+3 Int+2}.
You shoot an arrow. The arrow closely misses Grinder.
The quokka bites you but does no damage.
Grinder barely misses you.
The quokka bites you but does no damage.
Grinder barely misses you.
You shoot an arrow. The arrow hits Grinder!
Grinder is moderately wounded.
The quokka closely misses you. Grinder closely misses you.
The quokka closely misses you.
You shoot an arrow. The arrow hits Grinder.
Grinder is moderately wounded.
The quokka misses you. Grinder gestures at you. Pain shoots through your body!
The quokka closely misses you. Grinder completely misses you.
You shoot an arrow. The arrow hits Grinder.
Grinder is heavily wounded.
The quokka closely misses you.
Grinder grins, showing sharp teeth.
Grinder gestures at you. Pain shoots through your body!
A kobold comes into view. It is wielding a +0 club.
The quokka closely misses you. Grinder hits you.
You writhe in agony.
The kobold moves out of view.
You shoot an arrow. The arrow hits Grinder!
Grinder is severely wounded.
The quokka closely misses you. Grinder hits you.
You die...
Grinder says, "Now the real fun starts!"

#....######....#
#....#....#..#.# .###
####.#.##.#..#.#
.)..## #.#.#.....#.#
....# #.#.#..#<...#
#..## #.#.#..##.###
#).## #.#.#........#
##.g###.#.#.###.......
##gr@5.#.#. #.......
####..# .. #.......
#..# ## #....... #.%#
#....... ##.. ........
#... #.#.# #...# ###.#


You could see Grinder, 2 gnolls and a quokka.

Vanquished Creatures
  Terence (D:3)
  2 adders
  A worm (D:2)
  A dart slug (D:2)
  5 orcs
  2 bats
  7 endoplasms
  2 giant cockroaches
  3 goblins
  2 hobgoblins
  2 quokkas
  9 ball pythons
  2 frilled lizards
  5 kobolds
  3 rats
47 creatures vanquished.

Notes
Turn   | Place    | Note
-------+----------+-------------------------------------------
     0 | D:1      | qw the Gargoyle Hunter began the quest for the Orb.
     0 | D:1      | Reached XP level 1. HP: 12/12 MP: 1/1
     0 | D:1      | 0 ||| qw: Version: 0.3-a-76-g4403597
     0 | D:1      | 0 ||| qw: Game counter: 344
     0 | D:1      | 0 ||| qw: Melee chars always use a shield: true
     0 | D:1      | 0 ||| qw: God list: Okawaru
     0 | D:1      | 0 ||| qw: Allow faded altars: false
     0 | D:1      | 0 ||| qw: Do Orc after clearing Dungeon:15 true
     0 | D:1      | 0 ||| qw: Do second Lair branch before Depths: true
     0 | D:1      | 0 ||| qw: Lair rune preference: random
     0 | D:1      | 0 ||| qw: Goals: Normal
     0 | D:1      | 0 ||| PLANNING D:1-11
    58 | D:1      | Reached XP level 2. HP: 17/17 MP: 2/2
   309 | D:1      | HP: 1/17 [frozen (4)]
   572 | D:1      | Reached XP level 3. HP: 21/21 MP: 3/3
   784 | D:1      | 784 ||| READING 2 scrolls labelled WIMEREMNYOB GAFOG.
   785 | D:1      | 785 ||| READING 2 scrolls labelled BIG NESAROIRODUI.
   786 | D:1      | 786 ||| DROPPING scroll of butterflies.
   787 | D:1      | 787 ||| DROPPING scroll of fog.
   826 | D:2      | Reached skill level 5 in Ranged Weapons
  1115 | D:2      | Found a faded altar of an unknown god.
  1201 | D:2      | Reached skill level 3 in Fighting
  1508 | D:2      | Reached XP level 4. HP: 28/28 MP: 4/4
  1615 | D:2      | 1615 ||| UPGRADING to +0 ring mail.
  1625 | D:2      | 1625 ||| DROPPING +0 leather armour.
  1626 | D:2      | 1626 ||| READING scroll labelled KYESHR YSAYRPH.
  1631 | D:2      | 1631 ||| READING scroll labelled COUFUROHYO.
  1632 | D:2      | 1632 ||| READING scroll labelled CURPHY GOZXA.
  1633 | D:2      | 1633 ||| READING scroll labelled KEX ITUREDDINU.
  1634 | D:2      | 1634 ||| READING scroll labelled CIAP TUSHUEG.
  1735 | D:2      | 1735 ||| DRINKING 2 fuming orange potions.
  1736 | D:2      | 1736 ||| READING 2 scrolls of identify.
  1736 | D:2      | 1736 ||| IDENTIFYING golden potion
  1737 | D:2      | 1737 ||| DROPPING potion of attraction.
  1770 | D:3      | Found a radiant altar of Vehumet.
  1774 | D:3      | Found a sacrificial altar of Ru.
  1777 | D:3      | Noticed Terence
  1781 | D:3      | Killed Terence
  1782 | D:3      | Reached skill level 1 in Armour
  1784 | D:3      | Found a hide-covered altar of Uskayaw.
  1840 | D:3      | Noticed Grinder
  1851 | D:3      | 1851 ||| Stepping ~*~*~tactically~*~*~ (retreating).
  1852 | D:3      | 1852 ||| Stepping ~*~*~tactically~*~*~ (retreating).
  1853 | D:3      | 1853 ||| Stepping ~*~*~tactically~*~*~ (retreating).
  1855 | D:3      | Identified the +4 hand axe of the Vaults {flame, Drain
                  | Str+3 Int+2}
  1859 | D:3      | HP: 7/28 [Grinder/nerve-wracking pain (4)]
  1859 | D:3      | HP: 3/28 [Grinder (4)]
  1860 | D:3      | Slain by Grinder

Levels and vault maps discovered:
D:1:      shiori_shiawase, layout_basic, serial_forest, infiniplex_forest_end_2,
          infiniplex_forest_straight_4, infiniplex_forest_clump_curved,
          infiniplex_forest_end_2, infiniplex_forest_clump_small,
          infiniplex_forest_lined_corner
D:2:      layout_basic, basic_ecumenical_altar, serial_bayou_pond_e
D:3:      layout_basic, grunt_temple_overflow_open,
          minmay_overflow_temple_star_quad, uniq_grinder, uniq_terence

Skill      XL: |  1  2  3  4 |
---------------+-------------+-----
Ranged Weapons | 5 |  5.3
Fighting       | 3 |  3.0
Armour         | 1 |  1.5
Dodging        | |  1.5
Stealth        | |  1.1

Action                     |  1- 3 |  4- 6 || total
---------------------------+-------+-------++-------
   Fire: Shortbow          |    91 |    45 ||   136
    Use: Scroll            |     2 |     6 ||     8
         Potion            |       |     1 ||     1
 Armour: Leather armour    |    11 |     3 ||    14
         Ring mail         |       |    28 ||    28
  Dodge: Dodged            |    13 |    30 ||    43

Table legend:
 A = Non-vault XP
 B = Vault XP
 C = Vault XP percentage of total XP
 D = Non-vault monster count
 E = Vault monster count
 F = Vault count percentage of total count
                 A         B        C        D         E       F
            +---------+---------+-------+---------+---------+-------
      Total |     109 |      36 |  24.8 |      46 |       1 |   2.1
            +---------+---------+-------+---------+---------+-------
        D:1 |      38 |       0 |   0.0 |      24 |       0 |   0.0
        D:2 |      50 |       0 |   0.0 |      17 |       0 |   0.0
        D:3 |      21 |      36 |  63.2 |       5 |       1 |  16.7
            +---------+---------+-------+---------+---------+-------
